 Dungeon Crawl Stone Soup version 0.32-a0-519-g08f29ac1c3 (webtiles) character file.

Game seed: 16446523414367231194

46046 kae the Metamorph (level 14, -7/152 HPs)
             Began as a Purple Draconian Shapeshifter on Feb 27, 2024.
             Was a Priest of Ru.
             Mangled by a tyrant leech (8 damage)
             ... on level 5 of the Lair of Beasts.
             The game lasted 00:18:48 (16115 turns).

kae the Metamorph (Purple Draconian Shapeshifter)  Turns: 16115, Time: 00:18:49

Health: -7/152     AC: 12    Str: 27    XL:     14   Next: 3%
Magic:  14/14      EV: 19    Int: 11    God:    Ru [***...]
Gold:   2822       SH:  0    Dex: 16    Spells: 13/13 levels left

rFire   . .          .
                       - Unarmed
rCold   . . .        (shield currently unavailable)
rNeg    . . .        (body armour unavailable)
rPois   +            (helmet currently unavailable)
rElec   .            i - melded +0 cloak "Wetref" {Str+5}
rCorr   .            k - melded +1 pair of gloves
SInv    .            G - melded +1 pair of boots {Stlth+}
Will    +++++        m - amulet of Brilliance {Acrobat -Cast rPois Will+++ Regen+}
Stlth   +            E - +5 ring of evasion
HPRegen 1.25/turn    S - +6 ring of strength
MPRegen 0.14/turn

%: no spellcasting, acrobat
@: lethally poisoned (-7 -> -10), snake-form, flying, slowed, very slow
A: constrict, boosted hp, (nullifying breath), AC +8, large, unfitting armour,
(cold-blooded), inability to use devices, hated by all, no earth magic, no hexes
magic, no summoning magic
a: Begin Untransformation, Renounce Religion, Sacrifice Skill, Sacrifice a Hand,
Sacrifice Essence, Reject Sacrifices, Draw Out Power


You were on level 5 of the Lair of Beasts.
You worshipped Ru.
Ru was most pleased with you.
You were an enormous serpent.
You visited 3 branches of the dungeon, and saw 17 of its levels.
You also visited: Bailey.

You collected 2822 gold pieces.


Innate Abilities, Weirdness & Mutations

You are an enormous serpent.
You have a powerful constriction melee attack.
Your maximum health is increased.
Your armour is entirely melded.
You are incapable of wielding weapons or throwing items.
((You can breathe blasts of antimagic.))
((Your rich purple scales are hard. (AC +8)))
You cannot fit into any form of body armour.
((You are cold-blooded and may be slowed by cold attacks.))
You cannot study or use magical devices.
You are hated by all.
You cannot study or cast Earth magic.
You cannot study or cast Hexes magic.
You cannot study or cast Summoning magic.


   Skills:
 + Level 12.5 Fighting
 + Level 9.4 Dodging
 + Level 11.8 Unarmed Combat
 * Level 15.0 Shapeshifting


You had 13 spell levels left.
You didn't know any spells.
Your spell library contained the following spells:

 Spells                   Type           Power      Damage    Failure   Level
 Sublimation of Blood     Necr           0%         N/A       47%         2
 Gell's Gravitas          Tloc           0%         N/A       71%         3
 Teleport Other           Tloc           0%         N/A       71%         3
 Vampiric Draining        Necr           0%         2d6       71%         3
 Alistair's Intoxication  Alch           0%         N/A       100%        5
 Irradiate                Conj/Alch      0%         3d11      100%        5
 Dispersal                Tloc           0%         N/A       100%        6
 Eringya's Noxious Bog    Alch           0%         4d6       100%        6
 Slow                     Hex            Unusable   N/A       N/A         1
 Confusing Touch          Hex            Unusable   N/A       N/A         3
 Sigil of Binding         Hex            Unusable   N/A       N/A         3
 Stone Arrow              Conj/Erth      Unusable   3d7       N/A         3
 Animate Armour           Summ/Erth      Unusable   N/A       N/A         4
 Petrify                  Alch/Erth      Unusable   N/A       N/A         4
 Borgnjor's Vile Clutch   Necr/Erth      Unusable   N/A       N/A         5
 Summon Forest            Summ/Tloc      Unusable   N/A       N/A         5
 Summon Mana Viper        Hex/Summ       Unusable   N/A       N/A         5
 Summon Cactus Giant      Summ           Unusable   N/A       N/A         6
 Lehudib's Crystal Spear  Conj/Erth      Unusable   10d2      N/A         8

Inventory:

Missiles
 d - 185 stones (quivered)
 h - 8 javelins
 n - 31 poisoned darts
 t - 10 throwing nets {=f!f}
 v - 14 curare-tipped darts {=f}
 J - 5 boomerangs
 X - 6 datura-tipped darts
Armour
 i - the +0 cloak "Wetref" (melded) {Str+5}
   (You acquired it on level 5 of the Dungeon)

   Str+5:     It affects your strength (+5).
 k - a +1 pair of gloves (melded)
   (You found it on level 7 of the Dungeon)
 G - a +1 pair of boots of stealth (melded)
   (You found it on level 11 of the Dungeon)
Magical Staves
 c - a staff of death {!a}
   (You found it on level 2 of the Lair of Beasts)
 H - a staff of conjuration {!a}
   (You took it off a centaur on level 11 of the Dungeon)
 N - a staff of death {!a}
   (You found it on level 3 of the Lair of Beasts)
 R - a staff of conjuration {!a}
   (You found it on level 5 of the Lair of Beasts)
 Y - a staff of death {!a}
   (You found it on level 4 of the Lair of Beasts)
Jewellery
 m - the amulet of Brilliance (around neck) {Acrobat -Cast rPois Will+++ Regen+}
   (You found it on level 9 of the Dungeon)

   [amulet of the acrobat]

   Acrobat:   It increases your evasion while moving and waiting.
   rPois:     It protects you from poison Will+++: It greatly increases your
   willpower.
   -Cast:     It prevents spellcasting.
   Regen+:    It increases your rate of health regeneration.
 s - a +6 ring of strength
   (You found it on level 5 of the Lair of Beasts)
 w - a ring of magical power
   (You found it on level 5 of the Dungeon)
 C - a ring of ice
   (You found it on level 10 of the Dungeon)
 E - a +5 ring of evasion (left hand)
   (You found it on level 5 of the Dungeon)
 I - an amulet of reflection
   (You found it on level 11 of the Dungeon)
 S - a +6 ring of strength (right hand)
   (You found it on level 5 of the Dungeon)
 W - a ring of magical power
   (You found it on level 1 of the Dungeon)
Talismans
 b - a beast talisman
 e - the flux talisman of Tempters {Fly rC+ Int+4}
   (You found it on level 10 of the Dungeon)

   [flux talisman]

   Int+4:     It affects your intelligence (+4).
   rC+:       It protects you from cold.
   Fly:       It grants you flight.
 K - a serpent talisman (active)
   (You found it on level 10 of the Dungeon)
 L - a maw talisman
   (You found it on level 1 of the Lair of Beasts)
Wands
 x - a wand of mindburst (7)
   (You found it on level 5 of the Lair of Beasts)
Scrolls
 g - 8 scrolls of teleportation {@r4}
 j - 6 scrolls of enchant weapon
 p - 6 scrolls of vulnerability {!r!r}
 q - 2 scrolls of poison {!r}
 r - a scroll of brand weapon
 u - a scroll of fog
 y - a scroll of silence {!r}
 z - a scroll of immolation {!r!r}
 A - a scroll of revelation
 F - a scroll of blinking {!r}
 P - 3 scrolls of fear
 U - a scroll of identify {@r1}
Potions
 a - a potion of lignification {!q}
 f - 9 potions of curing {@q1}
 l - a potion of ambrosia
 o - a potion of cancellation
 B - 3 potions of magic
 D - a potion of mutation {!q}
 M - a potion of attraction {!q}
 O - 2 potions of enlightenment
 Q - 2 potions of berserk rage {!q}
 T - a potion of heal wounds {@q2}
 V - a potion of might
 Z - 2 potions of haste {@q3}

Dungeon Overview and Level Annotations

Branches:
Dungeon (11/15) Zot: 25909  Temple (1/1) D:5 Zot: 5969    Lair (5/5) D:11 Zot: 25629
  Swamp (0/4) Lair:3        Snake (0/4) Lair:2        Slime (0/5) Lair:5
    Orc (0/2) D:9          Bailey (visited)

Altars:
Ashenzari
Cheibriados
Dithmenos
Elyvilon
Gozag
Kikubaaqudgha
Makhleb
Nemelex Xobeh
Okawaru
Qazlal
Ru
Sif Muna
Trog
Uskayaw
Vehumet
Wu Jian
Xom
Zin
The Shining One

Shops:
D:3 [

Annotations:
D:5 1 runed translucent door, ILmort's ghost, novice DjCj

.# ..#### .# ..#.##
. ## ...#.##..
##.P......
####.......######
#.#†...P.# ##..⌠#
###.....### #...$##
##.....### #.w†..#
#....#..#### ###S.#
....##....P###.y.$#
.######..........##
..# #####....##.#
### ###### ##


You could see a tyrant leech and a hornet (corona).


Message History

The tyrant leech misses you. 😕 HP[-11]
You take 11 damage, and now have 118/152 hp.
Unknown command.
You lash the torpor snail! You constrict the torpor snail.
You kill the torpor snail!
The hornet closely misses you. The tyrant leech completely misses you.
You miss the hornet. You grab the hornet.
You feel yourself speed up.
You constrict the hornet! The hornet barely misses you.
The tyrant leech bites you!!
The tyrant leech draws strength from your injuries!
You focus your inner power and blind the tyrant leech in retribution!
The hornet misses you. 😮 HP[-17]
You take 17 damage, and now have 101/152 hp.
You body-slam the hornet!!
You constrict the hornet!
You kill the hornet!
The tyrant leech misses you. The hornet closely misses you. 😮 HP[+1]
You are too injured to fight recklessly!
You are too injured to fight recklessly!
Unknown command.
You are too injured to fight recklessly!
You are too injured to fight recklessly!
You are too injured to fight recklessly!
You are too injured to fight recklessly!
Unknown command.
You lash the hornet! You grab the hornet. You constrict the hornet.
The tyrant leech bites you!!
The tyrant leech draws strength from your injuries!
The hornet stings you!
* * * LOW HITPOINT WARNING * * *
😨 HP[-31]
You take 31 damage, and now have 71/152 hp.
MASSIVE DAMAGE!! (PAUSE)
You body-slam the hornet!!
You kill the hornet! 😨 HP[+1] Unknown command.
You closely miss the tyrant leech. You grab the tyrant leech.
You constrict the tyrant leech.
The tyrant leech is no longer blind.
The tyrant leech bites you.
* * * LOW HITPOINT WARNING * * *
The tyrant leech draws strength from your injuries! 😨 HP[-4]
You take 4 damage, and now have 68/152 hp.
You body-slam the tyrant leech!!
You constrict the tyrant leech.
A hornet comes into view.
The tyrant leech completely misses you. 😨 HP[+1] Unknown command.
The hornet buzzes angrily.
You lash the tyrant leech! You constrict the tyrant leech.
The tyrant leech closely misses you. 😨 HP[+1]
You body-slam the tyrant leech!!
You kill the tyrant leech!
The tyrant leech bites you!
* * * LOW HITPOINT WARNING * * *
The tyrant leech draws strength from your injuries! 😨 HP[-6]
You take 6 damage, and now have 64/152 hp.
Unknown command.
You body-slam the tyrant leech!!
Your grab misses the tyrant leech. 😨 HP[+1]
You closely miss the tyrant leech. You grab the tyrant leech.
You constrict the tyrant leech. The hornet misses you.
The tyrant leech closely misses you. 😨 HP[+1] Unknown command.
You lash the tyrant leech! You constrict the tyrant leech.
The hornet stings you!
* * * LOW HITPOINT WARNING * * *
You feel yourself slow down. 😨 HP[-8]
You take 8 damage, and now have 58/152 hp.
You body-slam the hornet!!
You constrict the tyrant leech! The hornet stings you!
* * * LOW HITPOINT WARNING * * *
The tyrant leech bites you!!
* * * LOW HITPOINT WARNING * * *
The tyrant leech draws strength from your injuries!
The hornet stings you!
* * * LOW HITPOINT WARNING * * *
Ru believes you are ready to make a new sacrifice. 😱 HP[-43]
You take 43 damage, and now have 15/152 hp.
MASSIVE DAMAGE!! (PAUSE)
You hit the hornet but do no damage. You constrict the tyrant leech!
The hornet stings you.
* * * LOW HITPOINT WARNING * * *
You are poisoned.
The tyrant leech is stunned by your conviction and fails to attack.
The hornet stings you!
* * * LOW HITPOINT WARNING * * *
You focus your inner power and illuminate the hornet in retribution!
The tyrant leech bites you!
You die...
Ru respects your ultimate sacrifice.

Skill      XL: |  1  2  3  4  5  6  7  8  9 10 11 12 13 |
---------------+----------------------------------------+-----
Fighting       | 2 3 4 5 6 7 8 10 11 12 | 12.5
Shapeshifting  | 4 5 6 8 9 10 12 13 15 | 15.0
Unarmed Combat | 4 5 6 7 8 9 10 11 | 11.8
Dodging        | 2 4 5 6 8 9 |  9.4

Action                     |  1- 3 |  4- 6 |  7- 9 | 10-12 | 13-15 || total
---------------------------+-------+-------+-------+-------+-------++-------
  Melee: Unarmed           |    16 |   195 |   332 |   860 |   357 ||  1760
         Punch             |     1 |       |       |     2 |       ||     3
         Tailslap          |     1 |    25 |    61 |   114 |       ||   201
         Constrict         |       |       |       |    36 |    75 ||   111
 Invoke: Sacrifice Arcana  |       |       |     1 |       |       ||     1
         Draw Out Power    |       |       |       |     2 |       ||     2
         Sacrifice Artific |       |       |       |     1 |       ||     1
         Sacrifice Love    |       |       |       |       |     1 ||     1
Ability: Nullifying Breath |       |       |     4 |     5 |       ||     9
    Use: Scroll            |       |       |    15 |    12 |     2 ||    29
         Potion            |       |       |       |     5 |       ||     5
   Stab: Distracted        |       |       |       |     4 |     1 ||     5
         Invisible         |       |       |       |     2 |     4 ||     6
         Sleeping          |       |       |       |       |     1 ||     1
 Armour: Skin              |     7 |    89 |   126 |   370 |   208 ||   800
  Dodge: Dodged            |     6 |   126 |   311 |  1025 |   336 ||  1804
         Repelled          |       |       |     4 |     3 |     3 ||    10
   Form: Flux              |     1 |     1 |       |     1 |       ||     3
         Beast             |       |     1 |       |       |       ||     1
         Serpent           |       |       |       |     1 |       ||     1

Levels and vault maps discovered:
D:1:      ebering_trefoil_3fold, layout_basic
D:2:      layout_basic, uniq_crazy_yiuf_cottage, uniq_sigmund
D:3:      layout_loops_ring, serial_shops, nicolae_shop_peninsula,
          minmay_misc_feat_iff, uniq_terence, uniq_jessica
D:4:      layout_basic, dreamdust_gnoll_farm
D:5:      layout_loops_corners, temple_fountains, ebering_ghost_inner_flame
D:6:      layout_cave_pools, zin_academy, cheibrodos_sewer_entry_bend
D:7:      minmay_evil_eye, layout_cave_pools, gammafunk_ghost_nasty_kobolds,
          kennysheep_crisscross, uniq_joseph
D:8:      layout_basic, mainiacjoe_overflow_swirl, minmay_door_square
D:9:      layout_loops_cross, erik_orc_4
D:10:     layout_cave_pools, enter_bailey_4
D:11:     layout_loops_cross, erik_lair_orcish_takeover, minmay_statues_item,
          uniq_psyche
Temple:   nicolae_temple_bog_church
Lair:1:   layout_cellular_growth, pdpol_lair_neglected_garden
Lair:2:   layout_big_grid, guppyfry_snake_entry_garden
Lair:3:   layout_loops_ring, nicolae_swamp_entry_splash_gauntlet,
          lemuel_fruit_fields, uniq_gastronok
Lair:4:   layout_concentric_octagons, eino_house_with_fridge
Lair:5:   wormcave, layout_loops_ring, dpeg_slime_entry_enclosed,
          kennysheep_abandoned_house, lemuel_fruit_fields

Notes
Turn   | Place    | Note
-------+----------+-------------------------------------------
     0 | D:1      | kae the Draconian Shapeshifter began the quest for the Orb.
     0 | D:1      | Reached XP level 1. HP: 16/16 MP: 1/1
     0 | D:1      | magus.rc [v1.11.3]
   360 | D:1      | Reached XP level 2. HP: 23/23 MP: 2/2
   414 | D:2      | Noticed Sigmund
   426 | D:2      | Killed Sigmund
   427 | D:2      | Reached skill level 2 in Fighting
   427 | D:2      | Reached skill level 4 in Shapeshifting
   427 | D:2      | Reached XP level 3. HP: 21/30 MP: 3/3
   427 | D:2      | Reached XP level 4. HP: 26/37 MP: 4/4
   427 | D:2      | Reached XP level 5. HP: 30/44 MP: 5/5
   458 | D:2      | You pick up a book of Debilitation and begin reading...
   458 | D:2      | You add the spells Slow, Sigil of Binding, Vampiric
                  | Draining and Confusing Touch to your library.
   461 | D:2      | You pick up a book of Transmutation and begin reading...
   461 | D:2      | You add the spells Sublimation of Blood, Petrify and
                  | Irradiate to your library.
   602 | D:2      | You add the spells Gell's Gravitas, Teleport Other and
                  | Dispersal to your library.
   834 | D:2      | Reached skill level 3 in Fighting
  1017 | D:2      | Reached skill level 4 in Unarmed Combat
  1403 | D:2      | Found a runed translucent door.
  1404 | D:2      | Noticed Crazy Yiuf
  1418 | D:2      | Killed Crazy Yiuf
  1551 | D:3      | Found Efoimun's Armour Shop.
  1777 | D:3      | Noticed Jessica
  1785 | D:3      | Killed Jessica
  1786 | D:3      | Reached skill level 5 in Shapeshifting
  1786 | D:3      | Reached XP level 6. HP: 40/51 MP: 6/6
  2023 | D:3      | Noticed Terence
  2036 | D:3      | Killed Terence
  2155 | D:3      | You fall into a shaft and drop 3 floors!
  2242 | D:5      | Entered Level 5 of the Dungeon
  2641 | D:4      | Reached skill level 4 in Fighting
  2671 | D:4      | Your scales start taking on a rich purple colour.
  2671 | D:4      | Reached XP level 7. HP: 49/59 MP: 7/7
  2805 | D:4      | Reached skill level 6 in Shapeshifting
  3012 | D:4      | Reached skill level 5 in Unarmed Combat
  3633 | D:5      | Reached skill level 5 in Fighting
  3642 | D:5      | Identified 2 scrolls of acquirement
  3642 | D:5      | Acquired 816 gold pieces
  3644 | D:5      | Acquired the +0 cloak "Wetref" {Str+5}
  3699 | D:5      | Reached XP level 8. HP: 54/68 MP: 8/8
  3864 | D:5      | Found a runed translucent door.
  3892 | D:5      | You pick up a book of Armaments and begin reading...
  3892 | D:5      | You add the spells Stone Arrow and Lehudib's Crystal Spear
                  | to your library.
  3964 | D:5      | Found a staircase to the Ecumenical Temple.
  4261 | D:5      | Reached skill level 7 in Shapeshifting
  4704 | D:5      | Noticed ILmort's ghost (novice DjCj)
  4755 | Temple   | Entered the Ecumenical Temple
  4770 | Temple   | Became a worshipper of Ru the Awakened
  4868 | D:6      | Reached skill level 6 in Unarmed Combat
  4868 | D:6      | HP: 15/69 [iguana (4)]
  5166 | D:6      | Reached skill level 6 in Fighting
  5188 | D:6      | Reached skill level 8 in Shapeshifting
  5303 | D:6      | Found a glowing silver altar of Zin.
  5705 | D:6      | Reached skill level 2 in Dodging
  5767 | D:7      | Reached XP level 9. HP: 78/78 MP: 9/9
  6013 | D:7      | Found a runed translucent gate.
  6013 | D:7      | Found a runed translucent gate.
  6116 | D:7      | Reached skill level 7 in Unarmed Combat
  6122 | D:7      | Reached skill level 7 in Fighting
  6122 | D:7      | Reached skill level 3 in Dodging
  6146 | D:7      | Noticed Joseph
  6162 | D:7      | Killed Joseph
  6163 | D:7      | Reached skill level 9 in Shapeshifting
  6330 | D:7      | Noticed Skimidon's ghost (novice GrBr)
  6331 | D:7      | Found a runed translucent gate.
  6565 | D:7      | Gained mutation: You cannot study or cast Earth magic. [Ru
                  | sacrifice]
  6565 | D:7      | Gained mutation: You cannot study or cast Hexes magic. [Ru
                  | sacrifice]
  6565 | D:7      | Gained mutation: You cannot study or cast Summoning magic.
                  | [Ru sacrifice]
  6565 | D:7      | Reached * piety under Ru
  6584 | D:7      | Killed Skimidon's ghost
  6585 | D:7      | Reached skill level 4 in Dodging
  6585 | D:7      | Reached XP level 10. HP: 36/88 MP: 10/10
  6796 | D:8      | Found a snail-covered altar of Cheibriados.
  6805 | D:8      | Found a hazy altar of Hepliaklqana.
  6971 | D:8      | Reached skill level 8 in Fighting
  6971 | D:8      | Reached skill level 10 in Shapeshifting
  7214 | D:8      | Reached skill level 8 in Unarmed Combat
  8321 | D:9      | Reached skill level 5 in Dodging
  8341 | D:9      | HP: 27/135 [orc priest/divine providence (16)]
  8536 | D:9      | HP: 19/90 [orc priest/divine providence (13)]
  8783 | D:9      | Identified the amulet of Brilliance {Acrobat -Cast rPois
                  | Will+++ Regen+}
  8890 | D:9      | Found a staircase to the Orcish Mines.
  8954 | D:9      | Reached XP level 11. HP: 61/95 MP: 11/11
  8964 | D:9      | Reached skill level 11 in Shapeshifting
  9195 | D:9      | Reached skill level 9 in Fighting
  9547 | D:10     | Entered Level 10 of the Dungeon
  9617 | D:10     | Gained mutation: You cannot study or use magical devices.
                  | [Ru sacrifice]
  9617 | D:10     | Reached ** piety under Ru
  9617 | D:10     | Reached *** piety under Ru
  9653 | D:10     | Reached skill level 9 in Unarmed Combat
  9687 | D:10     | Found a flagged portal.
  9715 | D:10     | Identified the flux talisman of Tempters {Fly rC+ Int+4}
  9723 | D:10     | Reached skill level 6 in Dodging
  9817 | Bailey   | Entered a bailey
 10026 | Bailey   | Noticed Grum
 10038 | Bailey   | Reached skill level 12 in Shapeshifting
 10064 | Bailey   | Killed Grum
 10209 | Bailey   | Identified the +9 hand axe "Plog" {freeze, rCorr}
 10435 | D:10     | Reached skill level 10 in Fighting
 10819 | D:11     | Noticed Psyche
 10831 | D:11     | Killed Psyche
 11059 | D:11     | Reached XP level 12. HP: 106/106 MP: 12/12
 11062 | D:11     | Found a staircase to the Lair.
 11086 | D:11     | Noticed a tengu warrior
 11092 | D:11     | Noticed a tengu warrior
 11095 | D:11     | Noticed a two-headed ogre
 11102 | D:11     | Killed a tengu warrior
 11118 | D:11     | Killed a tengu warrior
 11119 | D:11     | Reached skill level 7 in Dodging
 11122 | D:11     | Killed a two-headed ogre
 11208 | D:11     | You add the spells Alistair's Intoxication and Eringya's
                  | Noxious Bog to your library.
 11255 | D:11     | Reached skill level 10 in Unarmed Combat
 11710 | Lair:1   | Entered Level 1 of the Lair of Beasts
 12046 | Lair:1   | Reached skill level 13 in Shapeshifting
 12079 | Lair:1   | Noticed a boulder beetle
 12095 | Lair:1   | Killed a boulder beetle
 12522 | Lair:1   | Reached skill level 11 in Fighting
 12831 | Lair:2   | Found a staircase to the Snake Pit.
 12921 | Lair:2   | Reached skill level 8 in Dodging
 13218 | Lair:2   | Reached XP level 13. HP: 116/116 MP: 13/13
 13566 | Lair:3   | Reached skill level 11 in Unarmed Combat
 13751 | Lair:3   | Reached skill level 14 in Shapeshifting
 13883 | Lair:3   | Noticed Gastronok
 13902 | Lair:3   | Killed Gastronok
 13905 | Lair:3   | HP: 30/140 [yak (9)]
 13910 | Lair:3   | HP: 19/140 [wolf (2)]
 14339 | Lair:3   | Found a staircase to the Swamp.
 14374 | Lair:3   | Gained mutation: You are hated by all. [Ru sacrifice]
 14579 | Lair:4   | Reached skill level 12 in Fighting
 14719 | Lair:4   | You are sucked into a shaft and drop 1 floor!
 14719 | Lair:5   | Entered Level 5 of the Lair of Beasts
 14788 | Lair:4   | Reached skill level 9 in Dodging
 15338 | Lair:5   | You pick up a book of the Wilderness and begin reading...
 15594 | Lair:5   | You pick up a book of Armaments and begin reading...
 15957 | Lair:5   | Found a staircase to the Slime Pits.
 16081 | Lair:5   | Reached skill level 15 in Shapeshifting
 16084 | Lair:5   | Reached XP level 14. HP: 127/127 MP: 14/14
 16114 | Lair:5   | HP: 24/152 [tyrant leech (26)]
 16115 | Lair:5   | HP: 1/152 [hornet (11)]
 16115 | Lair:5   | Mangled by a tyrant leech

Vanquished Creatures
  Gastronok (Lair:3)
  2 hydras
  2 boulder beetles
  A two-headed ogre (D:11)
  2 tengu warriors (D:11)
  2 skysharks (Lair:4)
  A necromancer (Lair:4)
  A bog body (Lair:3)
  A lindwurm (Lair:5)
  A wolf spider (Lair:5)
  A manticore (D:11)
  The ghost of Skimidon the Fighter, a novice GrBr of Uskayaw (D:7)
  8 elephants (Lair:3)
  2 cyclopes (D:11)
  3 black mambas
  Joseph (D:7)
  3 torpor snails (Lair:5)
  8 cane toads
  A kobold demonologist (D:9)
  Psyche (D:11)
  5 komodo dragons
  2 trolls
  A polar bear (Lair:4)
  A tyrant leech (Lair:5)
  3 hornets (Lair:5)
  10 blink frogs
  Sigmund (D:2)
  3 shadows
  2 wraiths (D:11)
  67 yaks
  5 wyverns
  A human (D:9)
  2 basilisks
  Grum (Bailey)
  2 steam dragons
  3 acid dragons
  3 nagas (Lair:2)
  18 water moccasins
  6 orc warriors
  2 black bears
  2 ice beasts (D:6)
  2 sky beasts (D:7)
  2 ogres
  33 wolves
  6 centaurs
  9 kobold brigands
  8 bullfrogs
  7 gnoll sergeants (Bailey)
  4 scorpions
  11 wights
  14 killer bees (D:9)
  3 electric eels (Lair:3)
  2 howler monkeys
  A bombardier beetle (D:4)
  Crazy Yiuf (D:2)
  8 hounds
  13 orc priests
  4 jellies
  7 gnoll boudas
  Jessica (D:3)
  4 iguanas
  A sleepcap (D:8)
  Terence (D:3)
  14 orc wizards
  3 hell rats (Lair:5)
  A polar bear simulacrum (Lair:4)
  2 yak simulacra (Lair:4)
  4 wolf simulacra (Lair:4)
  22 gnolls
  4 river rats (Lair:5)
  8 adders
  A shadow imp (D:6)
  3 white imps
  6 ufetubi
  A ribbon worm (D:6)
  46 orcs
  7 ball pythons
  5 endoplasms
  3 giant cockroaches
  11 goblins
  4 hobgoblins
  2 quokkas (D:2)
  A bat (D:3)
  3 frilled lizards
  6 kobolds
  9 rats
  4 river rat simulacra (Lair:4)
  2 butterflies (Lair:3)
497 creatures vanquished.

Vanquished Creatures (others)
  2 elephants (Lair:3)
  A komodo dragon (Lair:1)
  2 yaks
  An ufetubus (D:6)
6 creatures vanquished.

Grand Total: 503 creatures vanquished

Table legend:
 A = Non-vault XP
 B = Vault XP
 C = Vault XP percentage of total XP
 D = Non-vault monster count
 E = Vault monster count
 F = Vault count percentage of total count
                 A         B        C        D         E       F
            +---------+---------+-------+---------+---------+-------
      Total |   51411 |   14369 |  21.8 |     368 |     133 |  26.5
            +---------+---------+-------+---------+---------+-------
        D:1 |      12 |       0 |   0.0 |       7 |       0 |   0.0
        D:2 |      39 |     268 |  87.3 |      17 |       2 |  10.5
        D:3 |     111 |      73 |  39.7 |      23 |       2 |   8.0
        D:4 |     497 |      72 |  12.7 |      18 |       3 |  14.3
        D:5 |     620 |       0 |   0.0 |      24 |       0 |   0.0
        D:6 |    1093 |       4 |   0.4 |      19 |       1 |   5.0
        D:7 |     758 |    2464 |  76.5 |      20 |      17 |  45.9
        D:8 |    1881 |       0 |   0.0 |      16 |       0 |   0.0
        D:9 |    3317 |     739 |  18.2 |      46 |      13 |  22.0
       D:10 |    6410 |      10 |   0.2 |      34 |       5 |  12.8
       D:11 |    6514 |     824 |  11.2 |      25 |       9 |  26.5
     Lair:1 |    4438 |       0 |   0.0 |      15 |       0 |   0.0
     Lair:2 |    6445 |     933 |  12.6 |      38 |       4 |   9.5
     Lair:3 |    7753 |    2287 |  22.8 |      26 |       5 |  16.1
     Lair:4 |    3464 |    1589 |  31.4 |      10 |      15 |  60.0
     Lair:5 |    8059 |    3221 |  28.6 |      30 |      19 |  38.8
     Bailey |       0 |    1885 | 100.0 |       0 |      38 | 100.0
            +---------+---------+-------+---------+---------+-------

Skill      XL: |  1  2  3  4  5  6  7  8  9 10 11 12 13 |
---------------+----------------------------------------+-----
Fighting       | 2 3 4 5 6 7 8 10 11 12 | 12.5
Shapeshifting  | 4 5 6 8 9 10 12 13 15 | 15.0
Unarmed Combat | 4 5 6 7 8 9 10 11 | 11.8
Dodging        | 2 4 5 6 8 9 |  9.4

Action                     |  1- 3 |  4- 6 |  7- 9 | 10-12 | 13-15 || total
---------------------------+-------+-------+-------+-------+-------++-------
  Melee: Unarmed           |    16 |   195 |   332 |   860 |   357 ||  1760
         Punch             |     1 |       |       |     2 |       ||     3
         Tailslap          |     1 |    25 |    61 |   114 |       ||   201
         Constrict         |       |       |       |    36 |    75 ||   111
 Invoke: Sacrifice Arcana  |       |       |     1 |       |       ||     1
         Draw Out Power    |       |       |       |     2 |       ||     2
         Sacrifice Artific |       |       |       |     1 |       ||     1
         Sacrifice Love    |       |       |       |       |     1 ||     1
Ability: Nullifying Breath |       |       |     4 |     5 |       ||     9
    Use: Scroll            |       |       |    15 |    12 |     2 ||    29
         Potion            |       |       |       |     5 |       ||     5
   Stab: Distracted        |       |       |       |     4 |     1 ||     5
         Invisible         |       |       |       |     2 |     4 ||     6
         Sleeping          |       |       |       |       |     1 ||     1
 Armour: Skin              |     7 |    89 |   126 |   370 |   208 ||   800
  Dodge: Dodged            |     6 |   126 |   311 |  1025 |   336 ||  1804
         Repelled          |       |       |     4 |     3 |     3 ||    10
   Form: Flux              |     1 |     1 |       |     1 |       ||     3
         Beast             |       |     1 |       |       |       ||     1
         Serpent           |       |       |       |     1 |       ||     1

Illustrated notes

Table legend:
 A = Kills in this place as a percentage of kills in the entire game.
 B = Kills by you in this place as a percentage of kills by you in the entire game.
 C = Kills by friends in this place as a percentage of kills by friends in the entire game.
 D = Other kills in this place as a percentage of other kills in the entire game.
 E = Experience gained in this place as a percentage of experience gained in the entire game.
 F = Experience gained in this place divided by the number of levels of this place that you have seen.
                   A       B       C       D       E      F
               +-------+-------+-------+-------+-------+----------------------
         Total | 100.0 | 100.0 |   N/A | 100.0 | 100.0 | 3654.4
       Dungeon |  60.1 |  60.4 |   N/A |  33.3 |  39.1 | 2336.9
          Lair |  32.3 |  31.9 |   N/A |  66.7 |  58.1 | 7637.8
        Bailey |   7.6 |   7.7 |   N/A |   0.0 |   2.9 | 1885.0
               +-------+-------+-------+-------+-------+----------------------

Table legend: (Time is in decaauts)
 A = Elapsed time spent in this place.
 B = Non-inter-level travel time spent in this place.
 C = Inter-level travel time spent in this place.
 D = Time resting spent in this place.
 E = Time spent auto-exploring this place.
 F = Levels seen in this place.
 G = Mean time per level.
                   A        B        C        D        E       F      G
               +--------+--------+--------+--------+--------+-----+--------+
         Total |  15850 |  15219 |    631 |    689 |  11479 |  18 |  880.6 |
       Dungeon |  11212 |  10671 |    541 |    628 |   8038 |  11 | 1019.3 |
        Temple |     30 |      1 |     29 |      0 |      0 |   1 |   30.0 |
          Lair |   4085 |   4025 |     60 |     59 |   3155 |   5 |  817.0 |
        Bailey |    521 |    521 |      0 |      2 |    286 |   1 |  521.0 |
               +--------+--------+--------+--------+--------+-----+--------+

Top non-repeatable levels by time:
     D:5: 1569 daAuts
     D:9: 1488 daAuts
     D:8: 1290 daAuts
     D:2: 1114 daAuts
     D:4: 1064 daAuts
    D:11: 1034 daAuts
  Lair:5: 997 daAuts
     D:7: 995 daAuts
  Lair:3: 966 daAuts
  Lair:1: 856 daAuts
     D:3: 795 daAuts
     D:6: 759 daAuts
    D:10: 705 daAuts
  Lair:4: 684 daAuts
  Lair:2: 580 daAuts
